 Dungeon Crawl Stone Soup version 0.20.0-4-g10b340a (webtiles) character file.

1282 Chiseanne the Ducker (level 8, -9/48 HPs)
             Began as a Deep Elf Arcane Marksman on May 28, 2017.
             Killed by divine providence
             ... invoked by an orc priest
              (14 damage)
             ... on level 6 of the Dungeon.
             The game lasted 00:21:57 (8989 turns).

Chiseanne the Ducker (Deep Elf Arcane Marksman)     Turns: 8989, Time: 00:21:58

Health: -9/48      AC: 10    Str:  9    XL:     8   Next: 29%
Magic:  12/12      EV: 16    Int: 21    God:
Gold:   358        SH:  0    Dex: 15    Spells: 7/10 levels left

rFire    + . .     SeeInvis +   a - +2 dagger (freeze)
rCold    + + +     Gourm    .   (no shield)
rNeg     . . .     Faith    .   w - +4 skin of Zhor {rC+++}
rPois    .         Spirit   .   s - +3 crown of Dyrovepreva {rElec Int+2 SInv}
rElec    +         Reflect  .   p - scarf {rC+ rF+}
rCorr    .         Harm     .   (no gloves)
MR       .....                  i - +0 pair of boots
Stlth    +.........             (no amulet)
Regen    0.2/turn               (no ring)
MPRegen  0.2/turn               (no ring)

@: no status effects
A: no striking features
a: no special abilities


You were on level 6 of the Dungeon.
You were not hungry.

You visited 1 branch of the dungeon, and saw 7 of its levels.

You collected 358 gold pieces.

Inventory:

Hand Weapons
 a - a +2 dagger of freezing (weapon)
Missiles
 c - 9 javelins (quivered)
 u - 21 sling bullets
 v - 62 arrows
Armour
 i - a +0 pair of boots (worn)
 n - +0 storm dragon scales
 p - a scarf of resistance (worn)
 s - the +3 crown of Dyrovepreva (worn) {rElec Int+2 SInv}
   (You found it on level 5 of the Dungeon)

   It affects your intelligence (+2).
   It insulates you from electricity.
   It lets you see invisible.
 w - the +4 skin of Zhor (worn) {rC+++}
   (You found it on level 5 of the Dungeon)

   It renders you almost immune to cold.
Jewellery
 q - a cursed ring of fire
Wands
 k - a wand of polymorph (8/24)
Scrolls
 e - a scroll of amnesia
 t - a scroll of remove curse
Potions
 g - a potion of curing
 m - 2 potions of brilliance
Books
 b - a book of Debilitation

   Spells                             Type                      Level
   a - Corona                         Hexes                        1
   b - Slow                           Hexes                        2
   c - Inner Flame                    Hexes/Fire                   3
   d - Portal Projectile              Hexes/Translocation          3
   e - Cause Fear                     Hexes                        4
   f - Leda's Liquefaction            Hexes/Earth                  4
Comestibles
 d - 4 royal jellies
 f - 2 bread rations
 j - 2 meat rations


   Skills:
 * Level 4.4 Fighting
 * Level 5.4 Throwing
 - Level 3.0 Armour
 * Level 6.9 Dodging
 - Level 1.5 Spellcasting
 - Level 4.0 Hexes


You had 7 spell levels left.
You knew the following spells:

 Your Spells              Type           Power        Failure   Level  Hunger
a - Corona                Hex            ###....      3%          1    #......
b - Slow                  Hex            ###.....     4%          2    ###....


Dungeon Overview and Level Annotations

Branches:
Dungeon (7/15)
 Temple: D:4-7

Altars:
Ashenzari
Elyvilon
Ru

Shops:
D:6 (

Annotations:
D:3 MirrMurr's ghost, amateur DsGl
D:4 Pikel; Robin
D:5 exclusion: upstairs, Rrauwl's ghost, novice TrAr
D:6 Rrauwl's ghost, novice MiBe
D:7 exclusion: hippogriff


Message History

The orc priest mumbles some strange prayers to Beogh against you.
Pain shoots through your body!
You barely miss the orc priest.
The orc priest is heavily wounded.
The orc priest hits you with a trident.
You closely miss the orc priest.
The orc priest is heavily wounded.
The orc priest mumbles some strange prayers to Beogh against you.
Beogh smites you!
* * * LOW HITPOINT WARNING * * *
You hit the orc priest but do no damage.
The orc priest is heavily wounded.
The orc priest calls down the wrath of Beogh upon you.
Pain shoots through your body!
* * * LOW HITPOINT WARNING * * *
You barely miss the orc priest.
The orc priest is heavily wounded.
The orc priest mumbles some strange prayers to Beogh against you.
Beogh smites you!
You die...

#..........# #..........#
#######...## ##..# #..#
###.####### #.........#
#.##.####.###
#.#.o@))....# #######
#.##..###.#.# #.....#
#.##......#.# #.....#
#........##.#
####.....#######.##.##.#
...'.....'........#.##.#
####.....#######..#.##.# #
#.....#######..#.##.# #
#######........#.##.######


You could see an orc priest.

Vanquished Creatures
  A hippogriff (D:6)
  2 sky beasts (D:6)
  2 slaves (D:5)
  2 centaurs
  A bullfrog (D:6)
  A water moccasin zombie (D:6)
  2 scorpions
  A howler monkey (D:6)
  A crimson imp (D:5)
  A centaur zombie (D:7)
  A jelly (D:6)
  A centaur skeleton (D:4)
  2 iguanas (D:6)
  4 worker ants (D:6)
  A howler monkey zombie (D:7)
  8 adders
  2 shadow imps (D:6)
  2 oozes
  2 worms
  4 dart slugs
  5 leopard geckos
  4 orcs
  8 giant cockroaches
  12 goblins
  14 hobgoblins
  5 jackals
  2 quokkas
  A ball python (D:1)
  5 bats
  6 frilled lizards
  8 kobolds
  2 leopard gecko zombies (D:5)
  7 rats
120 creatures vanquished.

Notes
Turn   | Place    | Note
-------+----------+-------------------------------------------
     0 | D:1      | Chiseanne the Deep Elf Arcane Marksman began the quest for the Orb.
     0 | D:1      | Reached XP level 1. HP: 11/11 MP: 5/5
    39 | D:1      | Reached skill level 1 in Fighting
    91 | D:1      | Reached XP level 2. HP: 16/16 MP: 6/6
   274 | D:1      | Reached skill level 3 in Dodging
   930 | D:1      | Learned a level 2 spell: Slow
   951 | D:1      | Reached XP level 3. HP: 11/20 MP: 7/7
  2381 | D:2      | Reached XP level 4. HP: 25/25 MP: 8/8
  2944 | D:3      | Noticed MirrMurr's ghost (amateur DsGl)
  2946 | D:3      | Reached skill level 1 in Armour
  3906 | D:3      | Reached skill level 4 in Dodging
  3927 | D:3      | Reached XP level 5. HP: 23/30 MP: 9/9
  4818 | D:4      | Noticed Robin
  4862 | D:4      | Found a white marble altar of Elyvilon.
  4862 | D:4      | Found a shattered altar of Ashenzari.
  5100 | D:5      | Entered Level 5 of the Dungeon
  5239 | D:5      | Noticed Rrauwl's ghost (novice TrAr)
  5385 | D:5      | Reached XP level 6. HP: 36/36 MP: 10/10
  5468 | D:4      | Noticed a slave
  5468 | D:4      | Noticed a slave
  5469 | D:4      | Noticed Pikel
  5469 | D:4      | Noticed a slave
  5470 | D:4      | Noticed a slave
  5528 | D:5      | Killed a slave
  5545 | D:5      | Killed a slave
  5977 | D:6      | Reached skill level 5 in Dodging
  6008 | D:6      | HP: 1/36 [poisoned by a worker ant]
  6586 | D:6      | Noticed Rrauwl's ghost (novice MiBe)
  6831 | D:6      | Found Wemorph's Weapon Shop.
  6837 | D:6      | Found a sacrificial altar of Ru.
  6863 | D:6      | Reached XP level 7. HP: 19/41 MP: 11/11
  7046 | D:6      | Noticed Eustachio
  7053 | D:6      | Noticed Eustachio
  7053 | D:6      | Eustachio changed into Eustachio the iguana
  7058 | D:6      | Killed Eustachio the iguana
  8205 | D:6      | Reached skill level 6 in Dodging
  8368 | D:7      | Reached skill level 5 in Throwing
  8368 | D:7      | Reached XP level 8. HP: 48/48 MP: 12/12
  8757 | D:7      | Noticed a hippogriff
  8899 | D:7      | Noticed a hippogriff
  8931 | D:6      | Killed a hippogriff
  8989 | D:6      | Killed from afar by an orc priest

Skill      XL: |  1  2  3  4  5  6  7 |
---------------+----------------------+-----
Fighting       | 1 2 3 4 |  4.4
Dodging        | 3 4 5 6 |  6.9
Throwing       | 3 4 5 |  5.4
Armour         | 1 2 3 |  3.0
Spellcasting   | |  1.5
Hexes          | |  4.0

Action                   |  1- 3 |  4- 6 |  7- 9 || total
-------------------------+-------+-------+-------++-------
Melee: Unarmed           |    21 |       |       ||    21
       Club              |    74 |       |       ||    74
       Dagger            |    21 |   314 |   220 ||   555
       Short sword       |    19 |       |       ||    19
Throw: Javelin           |    28 |    22 |    19 ||    69
       Throwing net      |       |     2 |       ||     2
Evoke: Wand              |       |       |     3 ||     3
  Use: Scroll            |     5 |     8 |     4 ||    17
       Potion            |       |     7 |     6 ||    13
 Stab: Held in net/web   |       |     1 |       ||     1
       Invisible         |       |     1 |       ||     1
  Eat: Chunk             |     5 |    12 |     5 ||    22
       Fruit             |       |     2 |       ||     2
       Royal jelly       |       |       |     1 ||     1
Armor: Robe              |     9 |       |       ||     9
       Ring mail         |    31 |    61 |       ||    92
       Animal skin       |       |    30 |    58 ||    88
Dodge: Dodged            |    90 |   195 |   177 ||   462
